 Dungeon Crawl Stone Soup version 0.30-a0-782-ge64f9170bb (webtiles) character file.

Game seed: 11324947810034925983

118 DEFE the Caller (level 4, -7/30 HPs)
             Began as a Demonspawn Wanderer on Feb 21, 2023.
             Mangled by a wyvern (12 damage)
             ... on level 3 of the Dungeon.
             The game lasted 00:02:52 (2271 turns).

DEFE the Caller (Demonspawn Wanderer)               Turns: 2271, Time: 00:02:53

Health: -7/30      AC:  7    Str:  9    XL:     4   Next: 72%
Magic:  6/6        EV: 10    Int: 15    God:
Gold:   81         SH:  0    Dex: 16    Spells: 4/5 levels left

rFire   + . .      SeeInvis .    k - staff of air
rCold   + . .      Faith    .    (no shield)
rNeg    . . .      Spirit   .    c - +0 ring mail
rPois   +          Reflect  .    o - +0 helmet
rElec   +          Harm     .    (no cloak)
rCorr   +          Rampage  .    y - +0 pair of gloves
Will    .....                    (no boots)
Stlth   +                        (no amulet)
HPRegen 0.25/turn                (no ring)
MPRegen 0.10/turn                (no ring)

@: resistant
A: foul stench 1, weakness stinger 1
a: no special abilities


You were on level 3 of the Dungeon.
You visited 1 branch of the dungeon, and saw 4 of its levels.

You collected 81 gold pieces.

Inventory:

Hand Weapons
 a - a +0 spear
 r - a +1 dagger of electrocution
Armour
 b - a +0 pair of gloves
 c - a +0 ring mail (worn)
 d - a +0 robe
 o - a +0 helmet (worn)
 x - the +1 pair of boots "Bath" {Harm rC+ Str+2 Int-3}
   (You found it on level 3 of the Dungeon)

   Str:       It affects your strength (+2).
   Int:       It affects your intelligence (-3).
   rC:        It protects you from cold.
   Harm:      It increases damage dealt and taken.
 y - a +0 pair of gloves (worn)
Magical Staves
 k - a staff of air (weapon)
Jewellery
 v - a ring of protection from cold
Wands
 s - a wand of iceblast (5)
Scrolls
 e - a scroll of poison {unknown}
 f - 3 scrolls of enchant armour {unknown}
 g - 2 scrolls of fog {unknown}
 h - 2 scrolls of blinking {unknown}
 i - 10 scrolls of identify {unknown}
 l - 2 scrolls of teleportation {unknown}
 m - a scroll of brand weapon {unknown}
 p - 2 scrolls of acquirement {unknown}
 q - a scroll of magic mapping {unknown}
 t - 2 scrolls of fear {unknown}
 u - a scroll of enchant weapon {unknown}
Potions
 j - 2 potions of curing {unknown}
 n - a potion of resistance
 w - a potion of haste


   Skills:
 - Level 2.9(3.1) Polearms
 + Level 1.6(2.5) Staves
 - Level 2.0 Dodging
 - Level 1.4 Stealth
 - Level 1.4 Spellcasting
 - Level 3.2 Summonings
 + Level 1.6 Air Magic
 + Level 1.8 Evocations


You had 4 spell levels left.
You knew the following spells:

 Your Spells              Type           Power      Damage    Failure   Level
a - Summon Small Mammal   Summ           40%        N/A       19%         1

Your spell library contained the following spells:

 Spells                   Type           Power      Damage    Failure   Level
 Call Imp                 Summ           10%        N/A       26%         2
 Summon Ice Beast         Ice/Summ       5%         N/A       98%         4


Dungeon Overview and Level Annotations

Branches:
Dungeon (4/15)
 Temple: D:4-7

Altars:

Shops:
D:2 =   D:3 (


Innate Abilities, Weirdness & Mutations

You may rarely emit foul miasma when damaged in melee.
You have a small tail.


Message History

Done exploring.
There is a stone staircase leading down here.
You climb downwards.
The orc shouts! x2
Found a scroll labelled JIMOAN VAHUE, a pair of gloves and 9 gold pieces.
Found an escape hatch in the ceiling.
Found a stone staircase leading up and a stone staircase leading down.
There is a stone staircase leading up here.
There are monsters nearby!
There are monsters nearby!
Found 3 gold pieces.
The wyvern hisses angrily.
The wyvern bites you but does no damage.
An orc priest comes into view. It is wielding a +0 falchion.
Unknown command.
The dart slug launches a dart at you. The slug dart misses you.
The wyvern bites you!
There is a stone staircase leading up, spattered with blood here.
You take 12 damage, and have 18/30 hp.
MASSIVE DAMAGE!!
Unknown command.
The wyvern bites you!
The orc priest looks encouraged for a moment.
You climb upwards.
There is a stone staircase leading down here.
You take 7 damage, and have 11/30 hp.
MASSIVE DAMAGE!!
It was a potion of resistance.
You feel protected. The wyvern closely misses you.
The wyvern barely misses you.
You hit the wyvern but do no damage.
You tail-slap the wyvern, but do no damage.
The wyvern bites you but does no damage.
Unknown command.
You hit the wyvern.
The wyvern hisses menacingly.
The wyvern bites you!
* * * LOW HITPOINT WARNING * * *
The wyvern bites you!
You die...

# #.####........# #
#.........###.# # #.####.##.#
#.# # #.# #.##.# #.#
###########.####.##.# #.#
..............##.##.# #.#
............#.##.##.###.#
##########.#...#.##..##.######
#.....l@###.##......#
###...### #.#######.# ##.##
#.# #.# #.# #.# #.# #.# #.#
#.# #.# #.# #.# ## #.# #.# #.#
.# #.# ###.# #.# .# #.# #...#
#####.#


You could see a wyvern.

Vanquished Creatures
  Natasha (D:3)
  3 adders
  2 dart slugs (D:1)
  An orc (D:3)
  3 ball pythons
  An endoplasm (D:2)
  4 giant cockroaches (D:1)
  5 goblins
  6 hobgoblins
  6 jackals
  5 quokkas
  7 bats
  3 frilled lizards
  4 kobolds
  4 rats
55 creatures vanquished.

Notes
Turn   | Place    | Note
-------+----------+-------------------------------------------
     0 | D:1      | DEFE the Demonspawn Wanderer began the quest for the Orb.
     0 | D:1      | DEFE set off with the following items: a +0 spear, a +0
                  | pair of gloves, a potion of heal wounds, a +0 robe; and the
                  | following spell memorised: Summon Small Mammal; and the
                  | following spells available to memorise: Call Imp, Summon
                  | Ice Beast.
     0 | D:1      | Reached XP level 1. HP: 13/13 MP: 2/2
   104 | D:1      | Gained mutation: You have a small tail. [demonic ancestry]
   104 | D:1      | Reached XP level 2. HP: 17/19 MP: 3/3
   646 | D:2      | Found Umyasa's Jewellery Shop.
   650 | D:2      | Gained mutation: You may rarely emit foul miasma when
                  | damaged in melee. [demonic ancestry]
   650 | D:2      | Reached XP level 3. HP: 24/24 MP: 5/5
  1120 | D:2      | Reached skill level 1 in Staves
  1120 | D:2      | Reached skill level 1 in Air Magic
  1120 | D:2      | Reached skill level 1 in Evocations
  1338 | D:3      | Reached XP level 4. HP: 25/30 MP: 6/6
  1452 | D:3      | DEFE: ??staff of air
  1452 | D:3      | beem: magical staff[1/3]: (staves; +5 acc / 5 dam / 1.2
                  | base delay / 0.6 min delay). A one-handed staff that
                  | enhances the spellpower of spells in its respective school
                  | by 50% and has a chance of doing extra elemental damage
                  | {see magical staff[2]}. All but earth and conjurations also
                  | confer resistance of the appropriate type. Types: air,
                  | cold, conjurations, death, earth, fire, poison.
  1452 | D:3      | DEFE: ??magicak staff[2
  1452 | D:3      | beem: magicak staff ~ magical staff[2/3]: Magical staves
                  | have a (2*evoc + magic skill)/30 chance of getting
                  | random2(1.25*(magic skill + evoc/2)) extra elemental damage
                  | (for earth this is increased by 1/3). This damage ignores
                  | AC, checking the appropriate resistance instead, except for
                  | conjurations, which checks AC, and earth, which checks AC
                  | three times.
  1511 | D:3      | Found Wavottebole's Weapon Shoppe.
  1580 | D:3      | Identified the +1 pair of boots "Bath" {Harm rC+ Str+2
                  | Int-3}
  1983 | D:3      | Noticed Natasha
  1992 | D:3      | Killed Natasha
  2264 | D:4      | Noticed a wyvern
  2271 | D:3      | Mangled by a wyvern

Illustrated notes

Levels and vault maps discovered:
D:1:      eino_arrival_druids_welcome, layout_basic
D:2:      layout_loops_ring, serial_shops, shop
D:3:      layout_loops_ring, serial_shops, nicolae_shop_bloodbath_and_beyond,
          uniq_natasha
D:4:      layout_rooms, serial_shops, shop, uniq_duvessa, uniq_pikel

Skill      XL: |  1  2  3 |
---------------+----------+-----
Dodging        | 2 |  2.0
Staves         | 1 |  1.6
Air Magic      | 1 |  1.6
Evocations     | 1 |  1.8
Polearms       | |  2.9
Stealth        | |  1.4
Spellcasting   | |  1.4
Summonings     | |  3.2

Action                     |  1- 3 |  4- 6 || total
---------------------------+-------+-------++-------
  Melee: Spear             |   114 |       ||   114
         Punch             |     2 |     1 ||     3
         Tailslap          |    16 |    12 ||    28
         Staff             |    34 |    69 ||   103
         Dagger            |    19 |     4 ||    23
   Cast: Summon Small Mamm |     1 |     2 ||     3
    Use: Potion            |       |     2 ||     2
   Stab: Sleeping          |    11 |     3 ||    14
         Distracted        |       |     1 ||     1
 Armour: Robe              |    45 |    18 ||    63
         Ring mail         |       |     5 ||     5
  Dodge: Dodged            |   116 |    49 ||   165

Table legend: (Time is in decaauts)
 A = Elapsed time spent in this place.
 B = Non-inter-level travel time spent in this place.
 C = Inter-level travel time spent in this place.
 D = Time resting spent in this place.
 E = Time spent auto-exploring this place.
 F = Levels seen in this place.
 G = Mean time per level.
                   A        B        C        D        E       F      G
               +--------+--------+--------+--------+--------+-----+--------+
         Total |   2273 |   2175 |     98 |    233 |   1416 |   4 |  568.2 |
       Dungeon |   2273 |   2175 |     98 |    233 |   1416 |   4 |  568.2 |
               +--------+--------+--------+--------+--------+-----+--------+

Top non-repeatable levels by time:
     D:3: 944 daAuts
     D:2: 684 daAuts
     D:1: 641 daAuts
     D:4: 3 daAuts
